 Dungeon Crawl Stone Soup version 0.27-a0-978-g2aa4ecdaef (webtiles) character file.

Game seed: 13358680157770048064

53881 robertstho the Fighter (level 14, -1/126 (129) HPs)
             Began as a Hill Orc Fighter on Apr 14, 2021.
             Was the Champion of Beogh.
             Slain by an orc warlord
             ... wielding a +0 great sword
              (41 damage)
             ... on level 2 of the Orcish Mines.
             The game lasted 00:39:09 (21977 turns).

robertstho the Fighter (Hill Orc Fighter)          Turns: 21977, Time: 00:39:11

HP:   -1/126 (129)  AC: 23    Str: 27    XL:     14   Next: 70%
MP:   22/22         EV: 13    Int:  8    God:    Beogh [******]
Gold: 1677          SH: 18    Dex: 16    Spells: 13/13 levels left

rFire    + . .     SeeInvis .   v - +0 trident (protect)
rCold    . . .     Faith    .   c - +0 kite shield
rNeg     . . .     Spirit   .   a - +3 ring mail of the Ditch-Digger {Drain Regen+ Str+3 Stlth+}
rPois    .         Reflect  +   M - +1 hat {Stlth+}
rElec    .         Harm     .   f - +0 cloak
rCorr    .         Rampage  .   C - +0 pair of gloves
Will     ++...                  g - +0 pair of boots
Stlth    +++++.....             W - amulet "Lawkopn" {Reflect rF+ SH+5}
HPRegen  0.00/turn              p - +6 ring of dexterity
MPRegen  0.18/turn              K - ring of willpower

@: under a protective aura, lightly drained
A: walk on water, inhibited regeneration
a: Renounce Religion, Smiting, Recall Orcish Followers, Give Item to Named
Follower, Resurrection


You were on level 2 of the Orcish Mines.
You worshipped Beogh.
Beogh was exalted by your worship.
You visited 3 branches of the dungeon, and saw 21 of its levels.

You collected 1950 gold pieces.
You spent 273 gold pieces at shops.

Inventory:

Hand Weapons
 v - a +0 trident of protection (weapon)
Missiles
 L - 2 throwing nets (quivered)
 N - 10 curare-tipped darts
 R - 3 boomerangs of dispersal
Armour
 a - the +3 ring mail of the Ditch-Digger (worn) {Drain Regen+ Str+3 Stlth+}
   (You found it on level 5 of the Dungeon)

   It affects your strength (+3).
   It increases your rate of health regeneration.
   It drains your maximum health when unequipped.
   It makes you more stealthy.
 c - a +0 kite shield (worn)
 f - a +0 cloak (worn)
 g - a +0 pair of boots (worn)
 C - a +0 pair of gloves (worn)
 F - the +5 robe of Night {Dark Will+ SInv}
   (You found it on level 11 of the Dungeon)

   It lets you see invisible.
   It increases your willpower.
 J - +0 acid dragon scales
 M - a +1 hat of stealth (worn)
Jewellery
 l - a ring of willpower
 p - a +6 ring of dexterity (left hand)
 y - the ring "Figanez" {Fire Str-4 Int+7 SInv}
   (You found it on level 6 of the Lair of Beasts)

   [ring of fire]

   It enhances your fire magic.
   It affects your strength (-4).
   It affects your intelligence (+7).
   It protects you from fire.
   It makes you vulnerable to cold.
   It lets you see invisible.
 K - a ring of willpower (right hand)
 W - the amulet "Lawkopn" (around neck) {Reflect rF+ SH+5}
   (You found it on level 5 of the Lair of Beasts)

   [amulet of reflection]

   It reflects blocked missile attacks.
   It protects you from fire.
   It affects your SH (+5).
Wands
 d - a wand of iceblast (24)
Scrolls
 e - 5 scrolls of enchant weapon
 h - 2 scrolls of brand weapon
 i - 4 scrolls of immolation
 m - 6 scrolls of teleportation
 n - 6 scrolls of magic mapping {unknown}
 o - 2 scrolls of holy word {unknown}
 r - 5 scrolls of amnesia {unknown}
 w - a scroll of acquirement {unknown}
 x - 4 scrolls of blinking {unknown}
 B - 3 scrolls of enchant armour {unknown}
 D - 2 scrolls of silence
 U - 2 scrolls of fog
Potions
 b - 5 potions of curing
 k - 3 potions of flight
 q - 3 potions of attraction
 s - 2 potions of brilliance {unknown}
 t - 3 potions of mutation
 u - 2 potions of resistance
 H - 4 potions of cancellation
 S - a potion of ambrosia
 T - a potion of magic
Miscellaneous
 z - a lightning rod (4/4)
 P - a phantom mirror (inert)


   Skills:
 * Level 13.4 Fighting
 + Level 13.0 Polearms
 * Level 11.7 Armour
 + Level 5.9 Dodging
 + Level 5.9 Stealth
 + Level 11.3 Shields
 * Level 11.8 Invocations
 + Level 1.1 Evocations


You had 13 spell levels left.
You didn't know any spells.
Your spell library contained the following spells:

 Spells                   Type           Power      Damage    Failure   Level
 Animate Skeleton         Necr           0%         N/A       67%         1
 Corona                   Hex            0%         N/A       67%         1
 Freeze                   Ice            0%         1d3       67%         1
 Pain                     Necr           0%         1d4       67%         1
 Ensorcelled Hibernation  Hex/Ice        0%         N/A       82%         2
 Passwall                 Tmut/Erth      0%         N/A       82%         2
 Confusing Touch          Hex            0%         N/A       96%         3
 Dazzling Flash           Conj/Hex       0%         N/A       96%         3
 Frozen Ramparts          Ice            0%         1d2       96%         3
 Gell's Gravitas          Tloc           0%         N/A       96%         3
 Ozocubu's Armour         Ice            0%         N/A       96%         3
 Swiftness                Air            0%         N/A       96%         3
 Tukima's Dance           Hex            0%         N/A       96%         3
 Vampiric Draining        Necr           0%         2d6       96%         3
 Animate Dead             Necr           0%         N/A       100%        4
 Hailstorm                Conj/Ice       0%         3d3       100%        4
 Passage of Golubria      Tloc           N/A        N/A       100%        4
 Petrify                  Tmut/Erth      0%         N/A       100%        4
 Agony                    Necr           0%         N/A       100%        5
 Lee's Rapid Deconstruct  Erth           0%         3d5*      100%        5
 Metabolic Englaciation   Hex/Ice        0%         N/A       100%        5
 Yara's Violent Unravell  Hex/Tmut       0%         3d3       100%        5
 Invisibility             Hex            0%         N/A       100%        6


Dungeon Overview and Level Annotations

Branches:
Dungeon (13/15)            Temple (0/1) D:6            Lair (6/6) D:8
  Swamp (0/4) Lair:4        Snake (0/4) Lair:2        Slime (0/5) Lair:5
    Orc (2/2) D:9             Elf (0/3) Orc:2
 Vaults: D:13-14

Altars:
Cheibriados
Dithmenos
Okawaru
Trog
Wu Jian
Yredelemnul
Zin
Beogh

Shops:
D:9 !

Annotations:
D:10 1 transporter, kd29's ghost, journeyman DrCj
Lair:1 Kyuro's ghost, journeyman GrGl
Orc:2 3 runed translucent doors, durn's ghost, novice DESu


Innate Abilities, Weirdness & Mutations

You can walk on water.
You do not regenerate when monsters are visible.


Message History

It says, "I'm so glad you are here now."
The orc high priest hits your orc with a +0 scimitar.
The orc high priest utters an invocation to Beogh.
Aiming: Phantom Mirror
Press: ? - help, Dir - move target, f - orc warlord
Aim: an orc warlord, wielding a +0 great sword and wearing a +4 plate armour of cold resistance (severely wounded, ally target)
You reflect the orc warlord with the mirror!
The mirror clouds!
Your orc warrior no longer looks unusually strong.
The orc high priest no longer looks unusually strong.
The rust devil hits your orc warrior.
Your orc warrior seems to be corroded for longer.
The rust devil completely misses your orc warrior.
Your orc hits the orc high priest but does no damage.
An orc warrior comes into view. It is wielding a +0 mace.
The orc warrior falls on its knees before you.
It says, "I'm so glad you are here now."
You block the orc warrior's attack.
The orc warrior barely misses your orc priest.
Your orc warrior hits the orc sorcerer from afar with a +0 halberd!!
The orc sorcerer dies!
Beogh accepts your kill.
The ice devil disappears in a puff of smoke!
Your orc warrior looks more experienced.
Your orc warrior hits the orange demon with a +0 trident!
The smoke demon gestures at you. Something smites you!
The orc knight roars a battlecry!
The orcs go into a battle-frenzy!
Something hits your orc warrior.
Your orc warrior hits the rust devil with a +0 halberd!!
The rust devil dies!
Your orc hits the rust devil but does no damage.
The orc high priest barely misses your orc warrior.
Your orc warrior hits the ynoxinul with a +0 dire flail!
Something hits your orc!!
Your orc dies!
The orc warlord hits you with a +0 great sword!!!
You die...
Beogh appreciates the orc warlord's killing of a heretic priest.

#.). #. ###.).######.....
## ...........#....#.#.
...........#....#.#..#.
....)oo44.........+...#
oo4.oooo..........+....
o...oo3oo.........+...#
)4oo)oo@).........#..#.#
o.o)4)4oo.........#)....
....o3ooo..#......######
....ยง......#)o..........
###...######.o..).......
#... #o........... #..)
#o........... ..).
#o......)....
#.#....).)...


You could see an orc warlord (strong, ally target), 2 orc knights, 3 orc high
priests, 2 orange demons, a hellwing (summoned), an ice devil (summoned), 2 rust
devils, a smoke demon (summoned), a ynoxinul (summoned), an orc sorcerer
(strong), 3 orc warriors, an orc wizard (strong), an orc (strong), a friendly
orc warlord (summoned, drained), 6 friendly orc warriors, a friendly orc priest
and 5 friendly orcs.

Vanquished Creatures
  Gastronok (Lair:1)
  The ghost of hydrownug the Fighter, a journeyman OgWn of Ru (Lair:6)
  2 catoblepae (Lair:6)
  10 hydras
  4 two-headed ogres
  6 death yaks (Lair:6)
  Sonja (Lair:2)
  A phantasmal warrior (D:12)
  2 orc knights (Orc:2)
  A deep elf pyromancer (D:12)
  An orc sorcerer (Orc:2)
  A manticore (Lair:6)
  2 black mambas (Lair:6)
  3 torpor snails (Lair:2)
  3 centaur zombies
  A gargoyle (D:13)
  7 cane toads
  5 rime drakes
  2 freezing wraiths (D:13)
  6 komodo dragons
  3 meliai (D:13)
  A polar bear (Lair:4)
  4 blink frogs
  5 dream sheep (Lair:6)
  A meliai zombie (D:10)
  2 vampires
  A shadow (D:12)
  44 yaks
  2 wraiths
  6 wyverns
  A basilisk (Lair:2)
  3 steam dragons
  Edmund (D:4)
  A hydra simulacrum (Lair:6)
  11 water moccasins
  2 acid dragons
  11 orc warriors
  3 sky beasts
  A necrophage (D:5)
  7 ogres
  2 black bears
  10 wolves
  2 phantoms
  6 centaurs
  3 kobold brigands
  2 gnoll sergeants
  9 bullfrogs
  A cane toad simulacrum (Lair:6)
  3 scorpions (D:8)
  3 water moccasin skeletons
  A killer bee (D:9)
  3 wights (D:8)
  5 howler monkeys
  A torpor snail simulacrum (Lair:6)
  A bullfrog zombie (D:4)
  2 komodo dragon simulacra (Lair:6)
  2 bullfrog skeletons
  A jelly (D:5)
  6 orc priests
  2 hounds (D:7)
  A centaur skeleton (D:7)
  2 gnoll shamans
  An iguana (D:5)
  6 orc wizards
  A killer bee zombie (D:8)
  A howler monkey zombie (D:6)
  5 adders
  17 gnolls
  A shadow imp (D:4)
  A white imp (D:6)
  An adder skeleton (D:4)
  3 worms
  3 dart slugs
  33 orcs
  8 bats
  8 endoplasms
  5 giant cockroaches
  8 goblins
  6 hobgoblins
  9 jackals
  16 kobolds
  4 quokkas
  4 ball pythons
  A frilled lizard (D:2)
  5 rats
  A spectral orc (D:3)
386 creatures vanquished.

Vanquished Creatures (collateral kills)
  A minotaur (Lair:1)
  A boulder beetle (Lair:3)
  A hydra (Lair:4)
  An orc knight (Orc:1)
  A cyclops (D:12)
  A manticore (D:12)
  2 orc sorcerers
  2 black mambas (Lair:1)
  2 cane toads
  2 rime drakes (Lair:4)
  5 komodo dragons
  3 polar bears
  10 blink frogs
  2 wyverns
  3 basilisks
  5 yaks
  3 nagas (Lair:2)
  5 water moccasins
  2 wargs
  7 orc warriors
  9 wolves
  5 ogres
  A centaur (D:12)
  2 bullfrogs
  A howler monkey (D:12)
  9 orc priests
  4 orc wizards (Orc:2)
  6 orcs
  A kobold (D:11)
  A butterfly (Lair:5)
98 creatures vanquished.

Vanquished Creatures (others)
  3 orc sorcerers
  An orc high priest (Orc:2)
  A wizard (D:10)
  A water moccasin (D:7)
  12 orc warriors
  10 orc priests
  18 orc wizards
  47 orcs
  33 fungi
  52 plants
178 creatures vanquished.

Grand Total: 662 creatures vanquished

Notes
Turn   | Place    | Note
-------+----------+-------------------------------------------
     0 | D:1      | robertstho the Hill Orc Fighter began the quest for the
                  | Orb.
     0 | D:1      | Reached XP level 1. HP: 19/19 MP: 1/1
    77 | D:1      | Reached XP level 2. HP: 27/27 MP: 2/2
   744 | D:1      | Reached XP level 3. HP: 33/33 MP: 3/3
  1288 | D:2      | Reached XP level 4. HP: 39/40 MP: 4/4
  2017 | D:3      | Noticed a bullfrog
  2027 | D:3      | Killed a bullfrog
  2028 | D:3      | Reached XP level 5. HP: 47/47 MP: 5/5
  2059 | D:3      | Found a basalt altar of Yredelemnul.
  3025 | D:4      | Reached XP level 6. HP: 45/55 MP: 6/6
  3128 | D:4      | Found an ornate altar of the Wu Jian Council.
  3281 | D:4      | Noticed a sky beast
  3324 | D:4      | Killed a sky beast
  3325 | D:4      | Reached skill level 5 in Fighting
  3532 | D:4      | Reached skill level 5 in Armour
  3532 | D:4      | Reached XP level 7. HP: 56/61 MP: 7/7
  3602 | D:4      | Reached skill level 1 in Dodging
  3870 | D:4      | Reached skill level 5 in Polearms
  4002 | D:4      | Noticed Edmund
  4047 | D:4      | Killed Edmund
  4048 | D:4      | Reached skill level 5 in Shields
  4400 | D:5      | Entered Level 5 of the Dungeon
  4454 | D:5      | Reached XP level 8. HP: 50/70 MP: 8/8
  5545 | D:5      | Identified the +3 ring mail of the Ditch-Digger {Drain
                  | Regen+ Str+3 Stlth+}
  5925 | D:6      | Found a staircase to the Ecumenical Temple.
  5967 | D:6      | Reached XP level 9. HP: 39/79 MP: 9/9
  6516 | D:7      | Became a worshipper of Beogh the Brigand
  6590 | D:7      | Found an iron altar of Okawaru.
  6842 | D:7      | Reached skill level 1 in Stealth
  6874 | D:7      | Reached skill level 1 in Invocations
  7326 | D:7      | Reached * piety under Beogh
  7400 | D:8      | Reached XP level 10. HP: 80/88 MP: 12/12
  7448 | D:8      | Found a staircase to the Lair.
  7645 | D:8      | Noticed a two-headed ogre
  7668 | D:8      | Killed a two-headed ogre
  7766 | D:8      | Reached skill level 5 in Invocations
  7954 | D:8      | Reached ** piety under Beogh
  8571 | D:9      | Found a shadowy altar of Dithmenos.
  8678 | D:9      | Found a glowing silver altar of Zin.
  8695 | D:9      | Reached XP level 11. HP: 95/97 MP: 15/15
  8781 | D:9      | Found a staircase to the Orcish Mines.
  8798 | D:9      | Reached skill level 10 in Polearms
  8902 | D:9      | Found Nomuh's Distillery.
  8906 | D:9      | Bought a potion of cancellation for 104 gold pieces
  8906 | D:9      | Bought a potion of curing for 39 gold pieces
  8906 | D:9      | Bought a potion of curing for 39 gold pieces
  8906 | D:9      | Bought a potion of flight for 39 gold pieces
  8906 | D:9      | Bought a potion of might for 52 gold pieces
  9157 | D:9      | Identified the +1 robe of Ashenzari's Reproof {-Tele rPois
                  | Str+3 Dex+4}
  9360 | D:10     | Entered Level 10 of the Dungeon
  9448 | D:10     | Found a transporter.
  9448 | D:10     | Noticed kd29's ghost (journeyman DrCj)
  9449 | D:10     | Noticed a two-headed ogre
  9450 | D:10     | Identified the +0 great mace "Jevosy" {flame, Fragile
                  | Int+5}
  9450 | D:10     | Noticed a two-headed ogre
  9451 | D:10     | Noticed a two-headed ogre
  9523 | D:10     | Found a snail-covered altar of Cheibriados.
  9848 | D:10     | Reached *** piety under Beogh
  9887 | D:10     | Noticed a wizard
  9902 | D:10     | Killed a wizard
 10520 | D:11     | Noticed a seven-headed hydra
 10531 | D:11     | Killed a seven-headed hydra
 10865 | D:11     | Reached skill level 10 in Fighting
 11005 | D:11     | Found the +5 robe of Night {Dark Will+ SInv}
 11178 | D:12     | Noticed a two-headed ogre
 11190 | D:12     | Killed a two-headed ogre
 11360 | D:12     | Noticed a deep elf pyromancer
 11375 | D:12     | Killed a deep elf pyromancer
 11449 | D:12     | Noticed a manticore
 11451 | D:12     | Noticed a cyclops
 11466 | D:12     | Killed a manticore
 11467 | D:12     | Noticed a six-headed hydra
 11471 | D:12     | Killed a cyclops
 11479 | D:12     | Killed a six-headed hydra
 11481 | D:12     | Noticed a two-headed ogre
 11484 | D:12     | Noticed a skeletal warrior
 11692 | Lair:1   | Entered Level 1 of the Lair of Beasts
 11827 | Lair:1   | Noticed an eight-headed hydra
 11842 | Lair:1   | Killed an eight-headed hydra
 11843 | Lair:1   | Reached XP level 12. HP: 65/107 MP: 18/18
 12169 | Lair:1   | Found a runed translucent gate.
 12171 | Lair:1   | Found a runed translucent gate.
 12172 | Lair:1   | Found a runed translucent gate.
 12199 | Lair:1   | Noticed a minotaur
 12199 | Lair:1   | Noticed Kyuro's ghost (journeyman GrGl)
 12226 | Lair:1   | Noticed Gastronok
 12244 | Lair:1   | Killed Gastronok
 12603 | Lair:2   | Noticed Sonja
 12612 | Lair:2   | Killed Sonja
 12736 | Lair:2   | Reached **** piety under Beogh
 12841 | Lair:2   | Found a staircase to the Snake Pit.
 13117 | Lair:2   | Found a snail-covered altar of Cheibriados.
 13695 | Lair:3   | Reached skill level 10 in Armour
 14333 | Lair:3   | Noticed a boulder beetle
 14345 | Lair:3   | Killed a boulder beetle
 14584 | Lair:4   | Found a staircase to the Swamp.
 14592 | Lair:4   | Reached XP level 13. HP: 71/116 MP: 20/20
 14595 | Lair:4   | Gained Ogrik as an ally
 14865 | Lair:4   | Reached skill level 5 in Stealth
 14975 | Lair:4   | Reached skill level 10 in Invocations
 15154 | Lair:4   | Reached skill level 10 in Shields
 15797 | Lair:5   | Found a staircase to the Slime Pits.
 15955 | Lair:5   | Identified the amulet "Lawkopn" {Reflect rF+ SH+5}
 16281 | Lair:6   | Entered Level 6 of the Lair of Beasts
 16289 | Lair:6   | Reached skill level 5 in Dodging
 16365 | Lair:6   | Your ally Ogrik died
 16390 | Lair:6   | Reached ***** piety under Beogh
 16949 | Lair:6   | Found a runed translucent gate.
 16949 | Lair:6   | Found a runed translucent gate.
 16949 | Lair:6   | Found a runed translucent gate.
 17479 | Lair:6   | Reached XP level 14. HP: 112/127 MP: 22/22
 18585 | Lair:6   | Noticed hydrownug's ghost (journeyman OgWn)
 18673 | Lair:6   | Killed hydrownug's ghost
 18754 | Lair:6   | Identified the ring "Figanez" {Fire Str-4 Int+7 SInv}
 19979 | D:12     | Reached skill level 1 in Evocations
 20477 | D:13     | Found a bloodstained altar of Trog.
 21022 | Orc:1    | Entered Level 1 of the Orcish Mines
 21488 | Orc:1    | Found a roughly hewn altar of Beogh.
 21538 | Orc:2    | Entered Level 2 of the Orcish Mines
 21585 | Orc:2    | Found a staircase to the Elven Halls.
 21604 | Orc:2    | Gained Hilgar as an ally
 21620 | Orc:2    | Your ally Hilgar died
 21701 | Orc:2    | Found a runed translucent gate.
 21702 | Orc:2    | Found a runed translucent gate.
 21703 | Orc:2    | Found a runed translucent gate.
 21707 | Orc:2    | Noticed durn's ghost (novice DESu)
 21751 | Orc:2    | Found a roughly hewn altar of Beogh.
 21857 | Orc:2    | Reached ****** piety under Beogh
 21951 | Orc:2    | Noticed an orc warlord
 21965 | Orc:2    | Gained mutation: You do not regenerate when monsters are
                  | visible. [a neqoxec]
 21977 | Orc:2    | Slain by an orc warlord

Illustrated notes

Levels and vault maps discovered:
D:1:      psy_arrival_basics, layout_basic
D:2:      layout_basic
D:3:      layout_loops_corners, yredelemnul_forgotten_temple_becter
D:4:      layout_basic, lemuel_crystal_altar, uniq_edmund
D:5:      layout_rooms, hangedman_glass_teeth
D:6:      layout_gridville, minmay_temple_entry_junction
D:7:      layout_loops_corners, okawaru_ov_weapons_minmay
D:8:      layout_cave_pods, due_lair_maze_entry_diamond
D:9:      minmay_evil_eye, layout_basic, nicolae_overflow_hidden_temple,
          nicolae_dithmenos_through_a_glass_darkly, david_orc_3, serial_shops,
          shop
D:10:     cheibrodos_two_vegetables, layout_loops_ring, lemuel_tele_altar,
          gammafunk_ghost_smash
D:11:     layout_roguey, serial_bayou_pond_b
D:12:     layout_basic
D:13:     layout_small_grid, tgw_trog
Lair:1:   layout_chaotic_city, maelrawn_ghost_gauntlet_escape, uniq_gastronok
Lair:2:   layout_cave_pods, guppyfry_snake_entry_garden,
          kennysheep_snail_temple, uniq_sonja
Lair:3:   layout_loops_ring
Lair:4:   layout_regular_city, swamp_mist_pool, wad_woods_03
Lair:5:   layout_roguey, slime_dummy, lemuel_fruit_fields
Lair:6:   evilmike_catoblepas_cave, layout_regular_city, gammafunk_ghost_icy
Orc:1:    layout_diamond_mine, minmay_orc_temple_b
Orc:2:    st_orc_congregation, layout_caves, basic_altar, gammafunk_ghost_split

Skill      XL: |  1  2  3  4  5  6  7  8  9 10 11 12 13 14 |
---------------+-------------------------------------------+-----
Fighting       | 4 5 6 7 8 9 10 11 12 13 | 13.4
Armour         | 4 5 7 8 9 10 11 | 11.7
Polearms       | 3 4 5 7 8 9 10 11 12 13 | 13.0
Shields        | 4 5 6 8 9 10 11 | 11.3
Dodging        | 1 2 3 4 5 |  5.9
Stealth        | 1 2 4 5 |  5.9
Invocations    | 3 6 8 9 11 | 11.8
Evocations     | 1 |  1.1

Action                   |  1- 3 |  4- 6 |  7- 9 | 10-12 | 13-15 || total
-------------------------+-------+-------+-------+-------+-------++-------
Melee: Trident           |   140 |   228 |   368 |   948 |  1244 ||  2928
Invok: Convert to Beogh  |       |       |     1 |       |       ||     1
       Recall Orcish Fol |       |       |       |       |     3 ||     3
Evoke: Wand              |       |       |     1 |     4 |    19 ||    24
       Phantom mirror    |       |       |       |       |     2 ||     2
  Use: Scroll            |     1 |     3 |     7 |     5 |     9 ||    25
       Potion            |       |     1 |     3 |     3 |    21 ||    28
 Stab: Sleeping          |       |       |     6 |    21 |    15 ||    42
       Distracted        |       |       |       |    11 |    13 ||    24
       Paralysed         |       |       |       |     5 |     7 ||    12
       Invisible         |       |       |       |       |    19 ||    19
Armor: Scale mail        |    57 |    90 |    47 |       |       ||   194
       Chain mail        |       |       |    34 |       |       ||    34
       Ring mail         |       |       |    72 |   405 |   339 ||   816
Dodge: Dodged            |    42 |    49 |   103 |   342 |   309 ||   845
Block: Kite shield       |    63 |    89 |   206 |   549 |   821 ||  1728
       Reflection        |       |       |       |       |     6 ||     6

Table legend: (Time is in decaauts)
 A = Elapsed time spent in this place.
 B = Non-inter-level travel time spent in this place.
 C = Inter-level travel time spent in this place.
 D = Time resting spent in this place.
 E = Time spent auto-exploring this place.
 F = Levels seen in this place.
 G = Mean time per level.
                   A        B        C        D        E       F      G
               +--------+--------+--------+--------+--------+-----+--------+
         Total |  21873 |  20535 |   1338 |    951 |  14401 |  21 | 1041.6 |
       Dungeon |  13675 |  12567 |   1108 |    621 |   8876 |  13 | 1051.9 |
          Lair |   7288 |   7070 |    218 |    329 |   4902 |   6 | 1214.7 |
  Orcish Mines |    909 |    898 |     11 |      0 |    623 |   2 |  454.5 |
               +--------+--------+--------+--------+--------+-----+--------+

Top non-repeatable levels by time:
  Lair:6: 2374 daAuts
     D:4: 1512 daAuts
     D:5: 1302 daAuts
     D:3: 1276 daAuts
  Lair:2: 1131 daAuts
  Lair:1: 1125 daAuts
     D:9: 1086 daAuts
    D:11: 1031 daAuts
    D:12: 1022 daAuts
  Lair:4: 1019 daAuts
    D:10: 1016 daAuts
     D:8: 1008 daAuts
    D:13: 934 daAuts
     D:2: 898 daAuts
     D:7: 885 daAuts
